 Dungeon Sprint DCSS version 0.17-a0-1570-g74b7129 (webtiles) character file.

1359 tt080 the Bludgeoner (level 8, 0/111 HPs)
             Began as a Troll Berserker on July 23, 2015.
             Was a High Priest of Trog.
             Slain by an eight-headed hydra (10 damage)
             ... in the Dungeon (Sprint IX: "|||||||||||||||||||||||||||||").
             The game lasted 00:02:04 (261 turns).

tt080 the Bludgeoner (Troll Berserker)               Turns: 261, Time: 00:02:04

Health: 0/111      AC:  7    Str: 34    XL:     8   Next: 37%
Magic:  7/7        EV: 10    Int:  3    God:    Trog [*****.]
Gold:   13         SH:  0    Dex: 14    Spells: 0 memorised, 7 levels left

rFire  . . .     SeeInvis .     f - +0 giant spiked club
rCold  . . .     Clarity  .     b - +2 animal skin
rNeg   . . .     SustAt   .     (no shield)
rPois  .         Gourm    +     (helmet restricted)
rElec  .         Spirit   .     (no cloak)
rCorr  .         Warding  .     (gloves unavailable)
rMut   .         NoTele   +     (boots unavailable)
MR     ++...                    (no amulet)
Stlth  ..........               n - +3 ring of strength
                                m - +3 ring of dexterity

@: berserking, regenerating, very quick, very resistant to hostile enchantments,
extremely unstealthy
A: unfitting armour, claws 3, fast metabolism 3, gourmand, regeneration 2,
shaggy fur 1, tough skin 2
a: Burn Spellbooks, Berserk, Trog's Hand, Brothers in Arms, Renounce Religion


You were in the Dungeon.
You worshipped Trog.
Trog was extremely pleased with you.
You were very hungry.

You visited 1 branch You collected 13 gold pieces.

Inventory:

Hand weapons
 a - a +0 mace
 f - a +0 giant spiked club (weapon)
Armour
 b - a +2 animal skin (worn)
Jewellery
 m - a +3 ring of dexterity (left claw)
 n - a +3 ring of strength (right claw)
Magical devices
 l - a wand of fire (7)
Scrolls
 i - 4 scrolls of blinking
 k - 3 scrolls of remove curse
 t - 4 scrolls of enchant weapon
Potions
 d - 5 potions of curing
 e - 2 potions of heal wounds
 g - 4 potions of magic
 h - a potion of haste
 j - a potion of invisibility
 o - a potion of brilliance
 p - a potion of cure mutation
 q - a potion of berserk rage
Miscellaneous
 r - a box of beasts
Comestibles
 c - 2 bread rations


   Skills:
 - Level 2.4 Fighting
 + Level 16.2 Maces & Flails
 - Level 2.4 Dodging


You had 7 spell levels left.
You didn't know any spells.

Dungeon Overview and Level Annotations

Branches:
Dungeon (1/1)

Altars:
Cheibriados
Dithmenos
Elyvilon
Fedhas
Gozag
Kikubaaqudgha
Makhleb
Nemelex Xobeh
Okawaru
Qazlal
Ru
Sif Muna
Trog
Vehumet
Xom
Yredelemnul
Zin
The Shining One
Beogh
Jiyva
Lugonu


Innate Abilities, Weirdness & Mutations

You are too large for most types of armour.
You have claws for hands.
Your metabolism is lightning-fast.
You like to eat raw meat.
You heal very quickly.
You are covered in fur (AC +1).
You have very tough skin (AC +2).


Message History

You feel yourself moving faster!
You feel mighty!
You are feeling very hungry.
The eight-headed hydra bites you!
* * * LOW HITPOINT WARNING * * *
The eight-headed hydra bites you but does no damage.
The eight-headed hydra barely misses you.
The eight-headed hydra bites you!
* * * LOW HITPOINT WARNING * * *
The eight-headed hydra closely misses you.
The eight-headed hydra bites you!
* * * LOW HITPOINT WARNING * * *
The eight-headed hydra bites you!
* * * LOW HITPOINT WARNING * * *
The eight-headed hydra barely misses you.
You pound the eight-headed hydra like an anvil!!!
The eight-headed hydra is severely wounded.
The eight-headed hydra closely misses you.
The eight-headed hydra bites you but does no damage.
The eight-headed hydra bites you!
You die...

▓.▓.▓.▓
▓.▓.▓)▓
▓.▓.▓.▓
▓.▓.▓.▓
▓.▓.▓.▓
▓'▓.▓.▓
▓_▓.▓.▓
▓_▓.▓.▓
▓_▓.▓@▓
▓_▓.▓D▓
▓_▓.▓r▓
▓_▓.▓r▓
▓_▓.▓t▓
▓_▓.▓r▓
▓_▓.▓t▓
▓_▓.▓t▓
▓_▓.▓


You could see an eight-headed hydra, 3 crocodiles, 2 porcupines and a river rat.

Vanquished Creatures
  A hill giant (D)
  A spiny frog (D)
  A wyvern (D)
  A deep elf mage (D)
  A water moccasin (D)
  A killer bee (D)
  2 crimson imps (D)
  A hound (D)
  2 worker ants (D)
  A ball python (D)
  3 hobgoblins (D)
  3 kobolds (D)
  A giant cockroach (D)
  A giant newt (D)
  A goblin (D)
  A jackal (D)
  A quokka skeleton (D)
23 creatures vanquished.

Notes
Turn   | Place    | Note
--------------------------------------------------------------
     0 | D        | tt080 the Troll Berserker began the quest for the Orb.
     0 | D        | Reached XP level 1. HP: 22/22 MP: 0/0
     6 | D        | Reached skill level 3 in Maces & Flails
    11 | D        | Acquired Trog's second power
    20 | D        | Reached skill level 4 in Maces & Flails
    27 | D        | Noticed a hound
    42 | D        | Killed a hound
    42 | D        | Acquired Trog's third power
    42 | D        | Reached skill level 6 in Maces & Flails
    42 | D        | Reached XP level 2. HP: 19/29 MP: 1/1
    42 | D        | Reached XP level 3. HP: 23/36 MP: 2/2
    50 | D        | Found a glowing silver altar of Zin.
    50 | D        | Found a glowing golden altar of the Shining One.
    50 | D        | Found an ancient bone altar of Kikubaaqudgha.
    50 | D        | Found a basalt altar of Yredelemnul.
    50 | D        | Found a shimmering altar of Xom.
    50 | D        | Found a radiant altar of Vehumet.
    51 | D        | Found an iron altar of Okawaru.
    52 | D        | Found a burning altar of Makhleb.
    53 | D        | Found a deep blue altar of Sif Muna.
    54 | D        | Found a bloodstained altar of Trog.
    55 | D        | Found a sparkling altar of Nemelex Xobeh.
    56 | D        | Found a white marble altar of Elyvilon.
    57 | D        | Found a roughly hewn altar of Beogh.
    58 | D        | Found a viscous altar of Jiyva.
    59 | D        | Found a corrupted altar of Lugonu.
    60 | D        | Found a blossoming altar of Fedhas.
    61 | D        | Found a snail-covered altar of Cheibriados.
    62 | D        | Found a shadowy altar of Dithmenos.
    63 | D        | Found a stormy altar of Qazlal.
    64 | D        | Found an opulent altar of Gozag.
    65 | D        | Found a sacrificial altar of Ru.
    91 | D        | Noticed a hill giant
    91 | D        | Noticed a water moccasin
    91 | D        | Noticed a worker ant
    98 | D        | Killed a hill giant
    98 | D        | Reached skill level 13 in Maces & Flails
    98 | D        | Reached XP level 4. HP: 44/44 MP: 3/3
    98 | D        | Reached XP level 5. HP: 50/50 MP: 4/4
    98 | D        | Reached XP level 6. HP: 59/59 MP: 5/5
   101 | D        | Killed a water moccasin
   101 | D        | Reached XP level 7. HP: 66/66 MP: 6/6
   108 | D        | Killed a worker ant
   108 | D        | Reached skill level 14 in Maces & Flails
   121 | D        | Noticed a deep elf mage
   121 | D        | Noticed a crimson imp
   121 | D        | Noticed a worker ant
   121 | D        | Noticed a wyvern
   121 | D        | Noticed a killer bee
   121 | D        | Noticed a crimson imp
   123 | D        | Killed a crimson imp
   124 | D        | Killed a deep elf mage
   124 | D        | Received a gift from Trog
   125 | D        | Killed a worker ant
   129 | D        | Killed a wyvern
   129 | D        | Reached skill level 15 in Maces & Flails
   135 | D        | Killed a killer bee
   135 | D        | Reached XP level 8. HP: 21/74 MP: 7/7
   136 | D        | Killed a crimson imp
   253 | D        | Noticed a spiny frog
   253 | D        | Noticed a porcupine
   253 | D        | Noticed a porcupine
   253 | D        | Noticed an eight-headed hydra
   253 | D        | Noticed a crocodile
   256 | D        | Killed a spiny frog
   256 | D        | Reached skill level 16 in Maces & Flails
   257 | D        | Noticed a crocodile
   260 | D        | Noticed a crocodile
   261 | D        | Slain by an eight-headed hydra

Vault maps used:
D:        linesprint

Action                   |  1- 3 |  4- 6 |  7- 9 || total
-------------------------+-------+-------+-------++-------
Melee: Mace              |    36 |     3 |     8 ||    47
       Giant spiked club |       |       |    19 ||    19
Invok: Trog's Hand       |       |       |     2 ||     2
       Berserk           |       |       |     1 ||     1
  Use: Potion            |     2 |       |     2 ||     4
       Scroll            |       |       |     2 ||     2
